 Dungeon Crawl Stone Soup version 0.28.0 (webtiles) character file.

Game seed: 117343706391884173

2202 Rygaar the Chopper (level 9, -10/87 HPs)
             Began as a Troll Fighter on Apr 18, 2022.
             Mangled by an elephant (13 damage)
             ... on level 2 of the Lair of Beasts.
             The game lasted 00:36:26 (2889 turns).

Rygaar the Chopper (Troll Fighter)                  Turns: 2889, Time: 00:36:27

Health: -10/87     AC:  4    Str: 28    XL:     9   Next: 12%
Magic:  8/8        EV: 14    Int:  4    God:
Gold:   210        SH:  8    Dex: 11    Spells: 8/8 levels left

rFire   . . .      SeeInvis .   h - +2 hand axe (drain)
rCold   + . .      Faith    .   c - +0 kite shield
rNeg    . . .      Spirit   .   b - +0 robe
rPois   .          Reflect  .   (helmet restricted)
rElec   .          Harm     .   (no cloak)
rCorr   .          Rampage  .   (gloves unavailable)
Will    .....                   (boots unavailable)
Stlth   +.........              (no amulet)
HPRegen 1.04/turn               l - +4 ring of evasion
MPRegen 0.11/turn               e - ring of protection from cold

@: about to teleport
A: large, unfitting armour, claws 3, regeneration 1, shaggy fur 1, tough skin 1
a: no special abilities


You were on level 2 of the Lair of Beasts.
You visited 2 branches of the dungeon, and saw 10 of its levels.

You collected 210 gold pieces.

Inventory:

Hand Weapons
 a - a +1 flail
 h - a +2 hand axe of draining (weapon)
 j - a +5 dagger
 o - a +3 hand axe
 q - a +0 rapier of venom
Missiles
 f - 53 stones
Armour
 b - a +0 robe (worn)
 c - a +0 kite shield (worn)
Jewellery
 e - a ring of protection from cold (right claw)
 g - a ring of willpower
 l - a +4 ring of evasion (left claw)
Wands
 i - a wand of flame (11)
Scrolls
 d - 2 scrolls of teleportation
 m - a scroll of magic mapping
 n - a scroll of vulnerability {unknown}
 r - a scroll of identify
Potions
 k - a potion of degeneration (quivered)
 p - a potion of mutation {unknown}


   Skills:
 + Level 4.9 Fighting
 + Level 5.6(6.1) Axes
 + Level 3.6(5.4) Maces & Flails
 + Level 5.3 Dodging
 + Level 0.2 Stealth
 + Level 4.7 Shields
 + Level 0.1 Evocations


You had 8 spell levels left.
You didn't know any spells.
Your spell library contained the following spells:

 Spells                   Type           Power      Damage    Failure   Level
 Beastly Appendage        Tmut           0%         N/A       78%         1
 Slow                     Hex            0%         N/A       78%         1
 Wereblood                Tmut           0%         N/A       89%         2
 Confusing Touch          Hex            0%         N/A       98%         3
 Spider Form              Tmut/Pois      0%         N/A       98%         3
 Vampiric Draining        Necr           0%         2d6       98%         3
 Sticky Flame             Conj/Fire      0%         2d3       100%        4
 Starburst                Conj/Fire      0%         6d3       100%        6
 Summon Cactus Giant      Summ           0%         N/A       100%        6


Dungeon Overview and Level Annotations

Branches:
Dungeon (8/15)               Lair (1/6) D:8
 Temple: D:4-7

Altars:
Gozag


Innate Abilities, Weirdness & Mutations

You are too large for most types of armour.
You have claws for hands.
Your natural rate of healing is unusually fast.
You are covered in fur. (AC +1)
You have tough skin. (AC +1)


Message History

You slash the elephant!
The elephant is heavily wounded.
You hit the bullfrog. You drain the bullfrog. You hit the elephant.
The elephant tramples you but does no damage.
The elephant closely misses you. The elephant misses you.
The elephant trunk-slaps you but does no damage.
You hit the elephant. You drain the elephant.
The elephant is heavily wounded.
You hit the elephant. You hit the elephant but do no damage.
The elephant closely misses you. You block the elephant's attack.
The elephant closely misses you. The elephant barely misses you.
The elephant tramples you.
You hold your ground!
The elephant trunk-slaps you but does no damage.
As you read the scroll labelled VIT VESKIOF, it crumbles to dust.
You feel strangely unstable.
It was a scroll of teleportation.
The elephant tramples you!
You hold your ground!
The elephant trunk-slaps you.
* * * LOW HITPOINT WARNING * * *
The elephant barely misses you. x2; You block the elephant's attack. x2
You hit the elephant.
The elephant is heavily wounded.
You hit the elephant but do no damage. You drain the elephant.
You hit the elephant. You drain the elephant. You block the elephant's attack.
The elephant trunk-slaps you.
* * * LOW HITPOINT WARNING * * *
The elephant tramples you but does no damage.
The elephant barely misses you. The elephant tramples you!
* * * LOW HITPOINT WARNING * * *
You hold your ground!
The elephant trunk-slaps you but does no damage.
You hit the elephant.
The elephant is severely wounded.
You hit the elephant but do no damage. x2; You drain the elephant.
The elephant tramples you!
* * * LOW HITPOINT WARNING * * *
You hold your ground!
The elephant barely misses you. x2
You block the elephant's attack. The elephant tramples you.
* * * LOW HITPOINT WARNING * * *
You hold your ground!
The elephant barely misses you. The elephant tramples you!
You die...

##......(...#
#P..........##
#...........#
#...........
#.........#
#.........#
#.....Fl..#
#....lYYY.#
#######@###
###


You could see 3 elephants, a komodo dragon, a wyvern and a bullfrog (drained).

Vanquished Creatures
  A two-headed ogre (D:8)
  3 yaks (D:8)
  A water moccasin (D:7)
  An ice beast (D:6)
  An orc warrior (D:7)
  An ogre (D:7)
  A kobold brigand (D:8)
  2 bullfrogs
  A scorpion (D:6)
  A wyvern zombie (D:8)
  3 wights (D:7)
  3 howler monkeys (D:8)
  2 orc priests
  2 bullfrog skeletons
  An orc wizard (D:7)
  A killer bee zombie (D:8)
  A howler monkey zombie (D:7)
  A howler monkey skeleton (D:7)
  2 adders
  A shadow imp (D:8)
  A white imp (D:8)
  2 dart slugs
  9 orcs
  3 endoplasms
  3 giant cockroaches
  5 goblins
  4 hobgoblins
  5 jackals (D:1)
  5 ball pythons
  2 bats (D:1)
  A frilled lizard (D:1)
  8 kobolds
  5 rats (D:1)
83 creatures vanquished.

Vanquished Creatures (others)
  A fungus (Lair:1)
  3 plants (D:2)
4 creatures vanquished.

Grand Total: 87 creatures vanquished

Notes
Turn   | Place    | Note
-------+----------+-------------------------------------------
     0 | D:1      | Rygaar the Troll Fighter began the quest for the Orb.
     0 | D:1      | Reached XP level 1. HP: 22/22 MP: 0/0
   287 | D:2      | Reached XP level 2. HP: 27/29 MP: 1/1
   709 | D:1      | Got Imetunt's Tome of the Supportive Volcanoes
   744 | D:1      | Reached XP level 3. HP: 36/36 MP: 2/2
   797 | D:1      | Found a faded altar of an unknown god.
  1101 | D:4      | Reached XP level 4. HP: 43/44 MP: 3/3
  1184 | D:5      | Entered Level 5 of the Dungeon
  1197 | D:6      | Noticed a scorpion
  1200 | D:6      | Noticed an ice beast
  1206 | D:6      | Killed a scorpion
  1207 | D:6      | Reached XP level 5. HP: 42/52 MP: 4/4
  1211 | D:6      | Killed an ice beast
  1212 | D:6      | Reached skill level 1 in Axes
  1273 | D:6      | Reached XP level 6. HP: 61/61 MP: 5/5
  1423 | D:7      | Found an opulent altar of Gozag.
  1681 | D:7      | Noticed an orc warrior
  1701 | D:7      | Killed an orc warrior
  1759 | D:7      | Noticed a water moccasin
  1777 | D:7      | Killed a water moccasin
  1778 | D:7      | Reached XP level 7. HP: 67/67 MP: 6/6
  2093 | D:7      | Reached XP level 8. HP: 49/77 MP: 7/7
  2628 | D:8      | Noticed a two-headed ogre
  2642 | D:8      | Killed a two-headed ogre
  2642 | D:8      | HP: 1/75 [bullfrog (6)]
  2643 | D:8      | Reached skill level 5 in Axes
  2652 | D:8      | Reached skill level 5 in Dodging
  2753 | D:8      | Reached XP level 9. HP: 51/85 MP: 8/8
  2800 | D:8      | Found a staircase to the Lair.
  2808 | Lair:1   | Entered Level 1 of the Lair of Beasts
  2872 | Lair:1   | You fall into a shaft and drop 1 floor!
  2872 | Lair:2   | Noticed an elephant
  2872 | Lair:2   | Noticed an elephant
  2874 | Lair:2   | Noticed an elephant
  2876 | Lair:2   | Noticed a komodo dragon
  2889 | Lair:2   | HP: 3/87 [elephant (2)]
  2889 | Lair:2   | Mangled by an elephant

Illustrated notes

Levels and vault maps discovered:
D:1:      mrwooster_arrival_statue_2, layout_loops_ring,
          ebering_ecumenical_altar_abandoned, minmay_misc_feat_rugged
D:2:      layout_basic, serial_forest, infiniplex_forest_clump_tiny,
          infiniplex_forest_lined_3, infiniplex_forest_end_3,
          infiniplex_forest_3_way, infiniplex_forest_straight_4,
          infiniplex_forest_end_2, infiniplex_forest_clump_curved,
          infiniplex_forest_diagonal, infiniplex_forest_clump_cross,
          minmay_joined_circles
D:3:      layout_rooms, jmf_multi_god_temple, uniq_robin
D:4:      layout_basic, mainiacjoe_overflow_chevrons, serial_shops, shop
D:5:      layout_loops_ring, lemuel_round_altar, uniq_ijyb, uniq_eustachio
D:6:      layout_cave_pools, minmay_temple_entry_purple_smoke
D:7:      layout_gridville, grunt_gozag_breadcrumbs,
          pdpol_wu_jian_five_deadly_venoms, grunt_decor_arrowhead
D:8:      layout_loops_ring, lair_entry_dummy
Lair:1:   layout_regular_city, minmay_shattered_shrine
Lair:2:   layout_roguey, minmay_shoals_entry_lonely_mermaid,
          spider_nest_entry_a, lemuel_fruit_tree, uniq_fannar

Skill      XL: |  1  2  3  4  5  6  7  8 |
---------------+-------------------------+-----
Maces & Flails | 2 3 |  3.6
Shields        | 3 4 |  4.7
Dodging        | 3 4 5 |  5.3
Fighting       | 3 4 |  4.9
Axes           | 1 2 4 5 |  5.6
Stealth        | |  0.2
Evocations     | |  0.1

Action                   |  1- 3 |  4- 6 |  7- 9 || total
-------------------------+-------+-------+-------++-------
Melee: Flail             |   134 |       |       ||   134
       Hand axe          |     6 |    68 |   158 ||   232
Evoke: Wand              |       |     2 |       ||     2
  Use: Scroll            |     2 |     1 |     2 ||     5
       Potion            |       |     2 |     5 ||     7
 Stab: Sleeping          |     1 |       |       ||     1
Armor: Robe              |    60 |    13 |    29 ||   102
Dodge: Dodged            |    86 |    47 |    98 ||   231
Block: Kite shield       |    67 |    36 |    78 ||   181
